 Dungeon Crawl Stone Soup version 0.19.5 (webtiles) character file.

69199 Gargoyl the Schismatic (level 15, -15/126 HPs)
             Began as a Ghoul Abyssal Knight on May 1, 2017.
             Was an Elder of Lugonu.
             Killed from afar by a deep elf mage (34 damage)
             ... with a bolt of lightning
             ... on level 1 of the Elven Halls on May 3, 2017.
             The game lasted 01:05:30 (28214 turns).

Gargoyl the Schismatic (Ghoul Abyssal Knight)      Turns: 28214, Time: 01:05:30

Health: -15/126    AC: 26    Str: 28    XL:     15   Next: 29%
Magic:  23/24      EV:  8    Int:  7    God:    Lugonu [****..]
Gold:   205        SH: 19    Dex: 15    Spells: 0 memorised, 14 levels left

rFire  . . .     SeeInvis .     r - +1 hand axe (venom)
rCold  . . .     Gourm    .     I - +5 chain mail of Immorality {*Contam rC- rN++ Str+9}
rNeg   + + +     Faith    .     J - +1 large shield
rPois  ∞         Spirit   .     X - +2 hat
rElec  .         Reflect  .     (no cloak)
rCorr  .         Harm     .     f - +0 pair of gloves
MR     +....                    (no boots)
Stlth  ..........               O - amulet of magic regeneration
                                G - +5 ring of protection
                                b - +3 ring of dexterity

@: about to teleport, rotting, studying Invocations
A: rotting body, claws 1, carnivore 3, cold resistance 1, negative energy
resistance 3, slow regeneration 1, torment resistance, unbreathing
a: Depart the Abyss, Bend Space, Banish, Corrupt, Renounce Religion


You were on level 1 of the Elven Halls.
You worshipped Lugonu.
Lugonu was greatly pleased with you.
You were not hungry.

You visited 4 branches of the dungeon, and saw 22 of its levels.
You visited the Abyss 1 time.

You collected 2278 gold pieces.
You spent 2073 gold pieces at shops.

Inventory:

Hand Weapons
 j - a +1 trident of venom
 r - a +1 hand axe of venom (weapon)
 u - a +0 war axe
 x - a +0 war axe
 K - a +4 hand axe of flaming
Missiles
 g - 11 tomahawks (quivered)
Armour
 f - a +0 pair of gloves (worn)
 F - a +0 plate armour
 I - the +5 chain mail of Immorality (worn) {*Contam rC- rN++ Str+9}
   (You found it on level 10 of the Dungeon)

   It affects your strength (+9).
   It makes you vulnerable to cold.
   It greatly protects you from negative energy.
   It causes magical contamination when unequipped.
 J - a +1 large shield (worn)
 X - a +2 hat (worn)
Jewellery
 b - a +3 ring of dexterity (left hand)
 o - an uncursed ring of see invisible
 G - a +5 ring of protection (right hand)
 O - an amulet of magic regeneration (around neck)
 R - an uncursed ring of protection from cold
Wands
 a - a wand of paralysis (13/24)
 l - a wand of flame (34/48)
 m - a wand of slowing (23/48)
 s - a wand of digging (9/24)
Scrolls
 d - 2 scrolls of amnesia
 e - a scroll of summoning
 h - a scroll of recharging
 i - 7 scrolls of remove curse
 n - 5 scrolls of teleportation
 q - 4 scrolls of identify
 H - 3 scrolls of fear
 N - 2 scrolls of magic mapping
 P - 2 scrolls of blinking
 S - a scroll of silence
Potions
 p - a potion of agility
 t - a potion of ambrosia
 z - 2 potions of invisibility
 A - 3 potions of flight
 B - a potion of resistance
 E - a potion of magic
 Z - a potion of might
Books
 k - a book of Alchemy

   Spells                             Type                      Level
   a - Sublimation of Blood           Necromancy                   2
   b - Ignite Poison                  Fire/Transmutation/Poison    3
   c - Petrify                        Transmutation/Earth          4
   d - Alistair's Intoxication        Transmutation/Poison         5
   e - Irradiate                      Conjuration/Transmutation    5
 y - a manual of Invocations
Comestibles
 c - 12 meat rations
 v - a beef jerky
 C - 4 chunks of flesh


   Skills:
 + Level 10.2 Fighting
 + Level 12.2 Axes
 + Level 1.4(8.1) Polearms
 + Level 1.7 Throwing
 * Level 12.5 Armour
 + Level 4.2 Dodging
 + Level 9.1 Shields
 * Level 13.7 Invocations


You had 14 spell levels left.
You didn't know any spells.

Dungeon Overview and Level Annotations

Branches:
Dungeon (13/15)            Temple (0/1) D:4            Lair (6/6) D:11
  Swamp (0/4) Lair:3        Snake (0/4) Lair:3        Slime (0/5) Lair:5
    Orc (2/2) D:9             Elf (1/3) Orc:2
 Vaults: D:13-14

Altars:
Cheibriados
Kikubaaqudgha
Makhleb
Nemelex Xobeh
Vehumet
Beogh
Jiyva

Shops:
D:8 :   D:12 }*[   Orc:2 :?}(

Portals:
Trove: D:12 (give 6 potions of agility)

Annotations:
Lair:5 1 runed door
Abyss:1 Gastronok, Rupert, Snorg, Sonja, Urug


Innate Abilities, Weirdness & Mutations

Your body is rotting away.
You thrive on raw meat.
You are immune to poison.
You have sharp fingernails.
You are carnivorous and can eat meat at any time.
Your flesh is cold resistant. (rC+)
You are immune to negative energy. (rN+++)
You regenerate slowly when monsters are visible.
You are immune to unholy pain and torment.
You can survive without breathing.


Message History

The halberd of chopping hits you!
The deep elf mage gestures at you while chanting.
The bolt of lightning hits you!
* * * LOW HITPOINT WARNING * * *
Unknown command.
You feel much better.
The halberd of chopping barely misses you.
The deep elf mage casts a spell at you. The bolt of lightning hits you!
* * * LOW HITPOINT WARNING * * *
You block the halberd of chopping's attack.
Space bends around you!
You blink.
* * * LOW HITPOINT WARNING * * *
The deep elf mage gestures wildly while chanting.
The deep elf mage blinks!
As you read the scroll of teleportation, it crumbles to dust.
You feel strangely unstable.
The deep elf mage points at you and mumbles some strange words.
The bolt of lightning hits you!
You die...

###+### ##....@##
#+.......##
##.........##
#.......e...#
#####.....(.....#
................#
#..8.....#
#.#.#.#.>.......#
#........##
..................
..........#
.#.#.#.#........#
..........#


You could see a deep elf mage and a halberd of chopping.

Vanquished Creatures
  5 hydras
  Fannar (D:11)
  Erolcha (Orc:2)
  A centaur warrior (D:12)
  10 death yaks
  Nergalle (Lair:3)
  An unseen horror (D:12)
  Pikel (D:7)
  A phantasmal warrior (D:12)
  A lindwurm (Lair:5)
  A hill giant (D:11)
  9 orc sorcerers (Orc:2)
  2 ugly things
  5 deep elf magi
  An orc knight (Orc:1)
  A manticore (D:12)
  A cyclops (D:12)
  Joseph (D:6)
  8 black mambas
  7 spiny frogs
  Psyche (D:9)
  2 molten gargoyles
  The ghost of dranichekk the Bolt Thrower, a novice HuHu (D:4)
  A kobold demonologist (D:12)
  3 rime drakes
  14 komodo dragons
  4 trolls
  A queen bee (Lair:2)
  A polar bear (Lair:5)
  4 blink frogs (Lair:6)
  14 dream sheep
  8 hippogriffs
  A shadow (D:12)
  7 wyverns
  24 yaks
  Grum (D:8)
  A hungry ghost (D:10)
  Menkaure (D:7)
  A warg (Orc:1)
  A mottled dragon (Lair:6)
  5 hell hounds
  Duvessa (D:6)
  3 nagas (Lair:3)
  11 water moccasins
  17 porcupines
  2 slaves (D:7)
  5 ice beasts
  8 orc warriors
  A black bear (D:7)
  4 sky beasts
  5 phantoms
  26 ogres
  A centaur (D:10)
  11 wolves
  5 crocodiles
  10 bullfrogs
  Blork the orc (D:4)
  10 big kobolds
  An earth elemental (Elf:1)
  3 gnoll sergeants
  Dowan (D:6)
  A water moccasin zombie (D:8)
  43 killer bees
  2 scorpions
  8 wights (D:10)
  3 electric eels
  2 howler monkeys
  7 crimson imps
  2 quasits
  5 lava snakes (Lair:6)
  3 bullfrog zombies
  5 centaur zombies
  6 hounds
  3 jellies
  5 orc priests
  9 centaur skeletons
  5 iguanas
  3 iron imps (D:6)
  3 bullfrog skeletons
  9 worker ants
  31 orc wizards
  6 hell rats (Lair:4)
  A hound skeleton (D:7)
  4 worker ant zombies
  12 adders
  5 gnolls (D:8)
  A howler monkey skeleton (D:4)
  A shadow imp (D:11)
  An ooze (D:2)
  An adder skeleton (D:4)
  2 adder zombies (D:4)
  4 worms
  2 dart slugs
  7 leopard geckos
  84 orcs
  2 ball pythons
  7 bats
  3 giant cockroaches
  4 goblins
  3 hobgoblins
  14 jackals
  3 quokkas
  A ball python zombie (D:4)
  4 frilled lizards
  14 kobolds
  3 leopard gecko skeletons
  2 leopard gecko zombies
  2 quokka zombies
  9 rats
  3 fungi
  A plant (D:11)
642 creatures vanquished.

Vanquished Creatures (collateral kills)
  A spiny frog (Lair:5)
1 creature vanquished.

Vanquished Creatures (others)
  The ghost of Asagix the Covered, a novice MiBe of Trog (D:7)
  A fire crab (Lair:6)
  An unseen horror (D:11)
  The ghost of Reinor the Nimble, a novice FeAE of Vehumet (D:11)
  The ghost of Cupidatis the Geomancer, a novice GrEE of Vehumet (D:8)
  2 hill giants
  An orc sorcerer (Orc:2)
  A molten gargoyle (Lair:6)
  A gargoyle (D:10)
  A wyvern (Lair:6)
  A porcupine (Lair:2)
  3 orc warriors
  2 slaves (D:7)
  A centaur (D:7)
  An orc wizard (Orc:2)
  A hound zombie (D:4)
  A shadow imp (D:7)
  A quokka zombie (D:6)
  A bush (Lair:2)
  18 fungi
  14 plants
55 creatures vanquished.

Grand Total: 698 creatures vanquished

Notes
Turn   | Place    | Note
-------+----------+-------------------------------------------
     0 | Abyss:1  | Gargoyl the Ghoul Abyssal Knight began the quest for the Orb.
     0 | Abyss:1  | Reached XP level 1. HP: 19/19 MP: 1/1
     4 | Abyss:1  | Found a corrupted altar of Lugonu.
    24 | Abyss:2  | Found a sparkling altar of Nemelex Xobeh.
    80 | Abyss:2  | Noticed a sixfirhy
    81 | D:1      | Escaped the Abyss
   189 | D:1      | Reached * piety under Lugonu
   284 | D:1      | Reached XP level 2. HP: 26/26 MP: 2/2
   703 | D:2      | Reached XP level 3. HP: 18/33 MP: 3/3
   723 | D:2      | Found an ancient bone altar of Kikubaaqudgha.
   829 | D:2      | Reached skill level 1 in Dodging
  1022 | D:2      | Reached XP level 4. HP: 39/40 MP: 4/4
  1141 | D:2      | Found a faded altar of an unknown god.
  1462 | D:3      | Found a snail-covered altar of Cheibriados.
  2035 | D:4      | Reached XP level 5. HP: 11/46 MP: 6/6
  2038 | D:4      | Reached skill level 1 in Polearms
  2061 | D:4      | Found a staircase to the Ecumenical Temple.
  2076 | D:4      | Reached ** piety under Lugonu
  2091 | D:4      | Reached skill level 3 in Invocations
  2128 | D:4      | Noticed Blork the orc
  2138 | D:4      | HP: 1/46 [Blork the orc/puff of flame (15)]
  2143 | D:4      | Killed Blork the orc
  2143 | D:4      | Reached XP level 6. HP: 24/52 MP: 7/7
  2284 | D:4      | Noticed dranichekk's ghost (novice HuHu)
  2542 | D:4      | Reached skill level 4 in Invocations
  2555 | D:4      | Reached XP level 7. HP: 28/59 MP: 9/9
  2801 | D:5      | Entered Level 5 of the Dungeon
  2866 | D:5      | Reached skill level 1 in Shields
  3555 | D:5      | Reached XP level 8. HP: 64/67 MP: 10/10
  3573 | D:5      | Reached skill level 5 in Invocations
  3693 | D:5      | Reached *** piety under Lugonu
  3888 | D:6      | Reached skill level 5 in Fighting
  3895 | D:6      | Reached skill level 5 in Axes
  4037 | D:6      | Noticed Duvessa
  4037 | D:6      | Noticed Dowan
  4052 | D:6      | Killed Duvessa
  4056 | D:6      | Killed Dowan
  4109 | D:6      | Noticed a hippogriff
  4123 | D:6      | Killed a hippogriff
  4123 | D:6      | Reached skill level 5 in Armour
  4123 | D:6      | Reached skill level 6 in Invocations
  4123 | D:6      | Reached XP level 9. HP: 33/74 MP: 12/12
  4270 | D:6      | Found a burning altar of Makhleb.
  4453 | D:6      | Reached **** piety under Lugonu
  4664 | D:7      | Noticed Menkaure
  4674 | D:7      | Killed Menkaure
  4880 | D:7      | Noticed Pikel
  4953 | D:7      | Killed Pikel
  4953 | D:7      | Reached skill level 7 in Invocations
  5182 | D:7      | Noticed Joseph
  5505 | D:6      | Reached XP level 10. HP: 83/83 MP: 14/14
  5683 | D:6      | Killed Joseph
  5978 | D:7      | Noticed Asagix's ghost (novice MiBe)
  6003 | D:7      | Banished Asagix's ghost
  6633 | D:4      | Killed dranichekk's ghost
  8202 | D:8      | Noticed Grum
  8216 | D:8      | Killed Grum
  8250 | D:8      | Reached skill level 8 in Invocations
  8311 | D:8      | Noticed Gastronok
  8315 | D:8      | Banished Gastronok
  8335 | D:8      | Reached XP level 11. HP: 89/91 MP: 14/16
  8389 | D:8      | Noticed Cupidatis's ghost (novice GrEE)
  8407 | D:8      | Banished Cupidatis's ghost
  8751 | D:8      | Found a roughly hewn altar of Beogh.
  9047 | D:8      | Found Rungiutwo's Book Boutique.
  9629 | D:9      | Noticed a hill giant
  9635 | D:9      | Reached ***** piety under Lugonu
  9635 | D:9      | Banished a hill giant
 10519 | D:9      | Reached skill level 1 in Throwing
 10742 | D:9      | Found a staircase to the Orcish Mines.
 11085 | D:9      | Noticed Psyche
 11098 | D:9      | Killed Psyche
 12426 | D:10     | Entered Level 10 of the Dungeon
 12518 | D:10     | Noticed Urug
 12522 | D:10     | Banished Urug
 12540 | D:10     | Reached skill level 9 in Invocations
 13019 | D:10     | Noticed a hill giant
 13032 | D:10     | Banished a hill giant
 13223 | D:10     | Noticed Sonja
 13412 | D:10     | Banished Sonja
 13649 | D:10     | Got a scorched chain mail
 13660 | D:10     | Identified the +5 chain mail of Immorality {*Contam rC- rN++ Str+9} (You found it on level 10 of the Dungeon)
 13770 | D:10     | Reached XP level 12. HP: 98/98 MP: 17/17
 13946 | D:10     | Noticed a two-headed hydra
 13950 | D:10     | Killed a one-headed hydra
 14215 | D:10     | Reached skill level 10 in Armour
 14423 | D:11     | Reached skill level 10 in Invocations
 14437 | D:11     | Noticed Reinor's ghost (novice FeAE)
 14465 | D:11     | Banished Reinor's ghost
 14817 | D:11     | Reached skill level 10 in Axes
 15099 | D:11     | Noticed Fannar
 15169 | D:11     | Killed Fannar
 15626 | D:11     | Found a staircase to the Lair.
 15649 | Lair:1   | Entered Level 1 of the Lair of Beasts
 15947 | Lair:1   | Got a smoking battleaxe
 15948 | Lair:1   | Identified the +2 battleaxe "Osmo" {chop, *Slow Dex+9} (You found it on level 1 of the Lair of Beasts)
 16760 | Lair:2   | Reached skill level 5 in Shields
 17206 | Lair:2   | Noticed a seven-headed hydra
 17216 | Lair:2   | Killed a two-headed hydra
 17613 | Lair:2   | Got a heavily runed ivory ring
 17633 | Lair:2   | Reached XP level 13. HP: 104/105 MP: 20/20
 18008 | Lair:2   | Found a sparkling altar of Nemelex Xobeh.
 18167 | Lair:3   | Noticed Snorg
 18171 | Lair:3   | Banished Snorg
 18175 | Lair:3   | Identified the ring "Xeom" {rC+ Int-3 Dex+9 Slay-2 Stlth+} (You found it on level 2 of the Lair of Beasts)
 18249 | Lair:3   | Noticed Nergalle
 18273 | Lair:3   | Killed Nergalle
 18428 | Lair:3   | Found a staircase to the Swamp.
 18490 | Lair:3   | Got a steaming jade ring
 18502 | Lair:3   | Found a staircase to the Snake Pit.
 18510 | Lair:3   | Reached skill level 11 in Invocations
 18732 | Lair:3   | Identified the ring of Ridi {rF- MR+ Int+4 SInv Stlth-} (You found it on level 3 of the Lair of Beasts)
 20541 | Lair:5   | Found a runed door.
 20541 | Lair:5   | Found a viscous altar of Jiyva.
 20541 | Lair:5   | Noticed an azure jelly
 20542 | Lair:5   | Noticed an azure jelly
 20945 | Lair:5   | Found a staircase to the Slime Pits.
 20985 | Lair:5   | Banished an azure jelly
 21188 | Lair:6   | Entered Level 6 of the Lair of Beasts
 21711 | Lair:5   | Reached XP level 14. HP: 101/118 MP: 11/21
 21732 | Lair:5   | Reached skill level 12 in Invocations
 23003 | Lair:6   | Found a large runed door.
 23003 | Lair:6   | Found a large runed door.
 23398 | Lair:6   | HP: 3/117 [fire crab] (22)]
 24642 | D:11     | Reached skill level 10 in Fighting
 24933 | D:12     | Found Baicho's General Store.
 24949 | D:12     | Bought a potion of heal wounds for 70 gold pieces
 24949 | D:12     | Bought a potion of haste for 140 gold pieces
 24972 | D:12     | Noticed Rupert
 25013 | D:11     | Paralysed by Rupert for 6 turns
 25044 | D:11     | Banished Rupert
 25289 | D:12     | Found Depron's Antique Armour Shoppe.
 25293 | D:12     | Reached skill level 13 in Invocations
 25310 | D:12     | Found Zief's Gadget Emporium.
 25380 | D:12     | Found a portal to a secret trove of treasure.
 25498 | D:12     | Found Onneadoh's Armour Shop.
 26353 | Orc:1    | Entered Level 1 of the Orcish Mines
 26618 | Orc:2    | Entered Level 2 of the Orcish Mines
 26631 | Orc:2    | Reached XP level 15. HP: 126/126 MP: 23/23
 27168 | Orc:2    | Found a staircase to the Elven Halls.
 27331 | Orc:2    | Found Xisot's Magic Scroll Shop.
 27375 | Orc:2    | Found Roant's Book Boutique.
 27422 | Orc:2    | Bought a scroll of blinking for 97 gold pieces
 27435 | Orc:2    | Found a radiant altar of Vehumet.
 27436 | Orc:2    | Noticed Erolcha
 27450 | Orc:2    | Killed Erolcha
 27471 | Orc:2    | Found Ommoh's Gadget Shop.
 27531 | Orc:2    | Found an ancient bone altar of Kikubaaqudgha.
 27561 | Orc:2    | Paralysed by an orc sorcerer for 3 turns
 27606 | Orc:2    | Bought a manual of Invocations for 1766 gold pieces
 27630 | Orc:2    | Found a roughly hewn altar of Beogh.
 27630 | Orc:2    | Found Sach's Antique Weapon Boutique.
 27633 | Orc:2    | Paralysed by an orc sorcerer for 7 turns
 27803 | Orc:2    | Found a roughly hewn altar of Beogh.
 28051 | Elf:1    | Entered Level 1 of the Elven Halls
 28214 | Elf:1    | Killed from afar by a deep elf mage

Skill      XL: |  1  2  3  4  5  6  7  8  9 10 11 12 13 14 15 |
---------------+----------------------------------------------+-----
Armour         | 2 3 4 5 6 8 9 10 11 12 | 12.5
Axes           | 2 3 4 6 7 8 9 10 11 12 | 12.2
Dodging        | 1 2 3 4 |  4.2
Fighting       | 4 5 6 7 8 9 10 | 10.2
Polearms       | 1 |  1.4
Invocations    | 3 4 6 7 8 9 10 11 13 | 13.7
Shields        | 1 2 3 4 5 7 8 9 |  9.1
Throwing       | 1 |  1.7

Action                   |  1- 3 |  4- 6 |  7- 9 | 10-12 | 13-15 || total
-------------------------+-------+-------+-------+-------+-------++-------
Melee: Hand axe          |    91 |   152 |   472 |  1351 |  1628 ||  3694
       Trident           |       |    40 |       |       |       ||    40
Throw: Tomahawk          |       |       |     5 |    36 |     2 ||    43
Invok: Depart the Abyss  |     1 |       |       |       |       ||     1
       Banish            |       |       |       |    15 |    31 ||    46
       Bend Space        |       |       |       |       |     2 ||     2
Evoke: Wand              |       |       |       |       |     1 ||     1
  Use: Scroll            |     2 |     8 |     3 |     9 |    10 ||    32
       Potion            |       |     6 |     3 |       |     8 ||    17
 Stab: Invisible         |       |       |       |     5 |       ||     5
  Eat: Chunk             |    13 |    43 |    51 |   159 |   265 ||   531
       Meat ration       |       |       |       |       |     1 ||     1
Armor: Ring mail         |    53 |    32 |       |       |       ||    85
       Scale mail        |       |    73 |    42 |       |       ||   115
       Chain mail        |       |       |   207 |   573 |   718 ||  1498
       Plate armour      |       |       |       |   110 |       ||   110
Dodge: Dodged            |    62 |   110 |   149 |   417 |   339 ||  1077
Block: Buckler           |       |    21 |    94 |   209 |       ||   324
       Large shield      |       |       |       |   247 |  1460 ||  1707
